 Dungeon Crawl Stone Soup version 0.18-a0-1435-gee79d65 (webtiles) character file.

1105 Karasik the Agent of Entropy (level 8, -8/93 HPs)
             Began as a Demonspawn Abyssal Knight on Feb 28, 2016.
             Was a Priest of Lugonu.
             Mangled by an ogre
             ... wielding a +0 giant club
              (10 damage)
             ... on level 6 of the Dungeon.
             The game lasted 00:19:25 (5521 turns).

Karasik the Agent of Entropy (DsAK)                 Turns: 5521, Time: 00:19:25

Health: -8/93      AC: 10    Str: 20    XL:     8   Next: 11%
Magic:  12/13      EV: 14    Int: 19    God:    Lugonu [***...]
Gold:   283        SH:  0    Dex: 14    Spells: 0 memorised, 7 levels left

rFire  . . .     SeeInvis .     y - +0 war axe
rCold  . . .     Gourm    +     A - +2 ring mail {rPois}
rNeg   . . .     Faith    .     (no shield)
rPois  +         Spirit   .     (no helmet)
rElec  .         Dismiss  .     w - +0 cloak
rCorr  .         Reflect  .     b - +0 pair of gloves
SustAt .         Harm     .     g - +0 pair of boots
MR     .....                    H - amulet of the gourmand
Stlth  ..........               k - +4 ring of intelligence
                                j - +3 ring of strength

@: berserking (expiring), very quick, not resistant to hostile enchantments,
extremely unstealthy
A: talons 1, repulsion field 2, powered by death 1, powered by pain 1
a: Depart the Abyss, Bend Space, Banish, Renounce Religion


You were on level 6 of the Dungeon.
You worshipped Lugonu.
Lugonu was most pleased with you.
You were not hungry.

You visited 1 branch of the dungeon, and saw 6 of its levels.
You visited the Abyss 1 time.

You collected 283 gold pieces.

Inventory:

Hand Weapons
 a - a +1 hand axe
 y - a +0 war axe (weapon)
 B - a +3 quarterstaff of chaos
Missiles
 f - 56 bolts
Armour
 b - a +0 pair of gloves (worn)
 g - a +0 pair of boots (worn)
 w - a +0 cloak (worn)
 A - a +2 ring mail of poison resistance (worn)
 D - a +0 scale mail of fire resistance
Jewellery
 j - a +3 ring of strength (left hand)
 k - a +4 ring of intelligence (right hand)
 G - an uncursed ring of flight
 H - an amulet of the gourmand (around neck)
Scrolls
 e - a scroll of random uselessness {unknown}
 h - 5 scrolls of remove curse
 m - 2 scrolls of magic mapping
 n - a scroll of blinking
 s - a scroll of teleportation {unknown}
 t - a scroll of enchant armour {unknown}
 u - a scroll of noise {unknown}
 C - a scroll of amnesia {unknown}
 E - a scroll of fog
Potions
 i - a potion of might
 l - a potion of flight {unknown}
 o - 2 potions of mutation
 r - 2 potions of curing
 v - 2 potions of agility
 x - a potion of brilliance
 z - a potion of haste {unknown}
 F - a potion of lignification {unknown}
Comestibles
 c - 2 bread rations
 d - 3 fruits
 q - 2 beef jerkies


   Skills:
 - Level 5.2 Fighting
 + Level 6.2 Axes
 - Level 1.7 Armour
 - Level 0.8 Dodging
 - Level 7.4 Invocations


You had 7 spell levels left.
You didn't know any spells.

Dungeon Overview and Level Annotations

Branches:
Dungeon (6/15)
 Temple: D:4-7

Altars:
Ashenzari
Elyvilon
Nemelex Xobeh
Qazlal
Trog
Xom
The Shining One

Shops:
D:6 *

Annotations:
D:3 1 exclusion
D:6 Dowan, Duvessa
Abyss:1 Sigmund


Innate Abilities, Weirdness & Mutations

You have sharp toenails.
You are surrounded by a moderate repulsion field (EV +3).
You regenerate a little health from kills.
You sometimes gain a little power by taking damage.


Message History

You hear a shout!
You slice the black bear!!
You kill the black bear!
Lugonu accepts your kill.
Your Axes skill increases to level 6!
An ogre comes into view. It is wielding a giant club.
Dowan gestures at you while chanting. The puff of frost hits you!
You feel a strong urge to attack something.
Dowan completely misses you.
You see here a black bear corpse.
You hit Dowan.
Dowan is heavily wounded.
You slash Dowan!
Dowan is severely wounded.
You hit the ogre.
The ogre is lightly wounded.
Dowan hits you but does no damage.
You are electrocuted!
The ogre hits you with a giant club!
You die...

..# #.# ...
#.### ##
..## ....
... ..#
...###.##
..#
###.......#
...
#(...P.P...
##.
#h#..P∩P..#
#O#..c.P...
#@#........
#e#(#######
#.(.c.#
###.#.#
#.#[# #.#.#
#.#.# #.#.#
#)#.#


You could see an ogre, Dowan and a howler monkey.

Vanquished Creatures
  A black bear (D:6)
  An ogre (D:5)
  A giant frog (D:5)
  A scorpion (D:4)
  A crimson imp (D:5)
  5 orc priests
  Crazy Yiuf (D:2)
  A jelly (D:5)
  6 orc wizards
  Terence (D:3)
  2 worker ants (D:4)
  3 gnolls (D:5)
  A howler monkey skeleton (D:6)
  8 adders
  2 oozes
  2 worms
  3 giant geckos
  32 orcs
  3 ball pythons
  3 bats
  A giant cockroach (D:1)
  6 hobgoblins
  3 jackals (D:4)
  A quokka (D:4)
  4 giant newts
  7 goblins
  A jackal skeleton (D:5)
  6 kobolds
  4 rats
  A bush (D:2)
  2 fungi (D:2)
114 creatures vanquished.

Vanquished Creatures (others)
  A rat (D:3)
  4 toadstools (D:1)
5 creatures vanquished.

Grand Total: 119 creatures vanquished

Notes
Turn   | Place    | Note
--------------------------------------------------------------
     0 | Abyss:1  | Karasik the Demonspawn Abyssal Knight began the quest for the Orb.
     0 | Abyss:1  | Reached XP level 1. HP: 18/18 MP: 2/2
    50 | Abyss:1  | Noticed a large abomination
    63 | D:1      | Escaped the Abyss
   454 | D:1      | Gained mutation: You have sharp toenails. [demonic ancestry]
   454 | D:1      | Reached XP level 2. HP: 24/24 MP: 3/3
   553 | D:1      | Found a glowing golden altar of the Shining One.
   743 | D:2      | Found a white marble altar of Elyvilon.
  1221 | D:2      | Found a sparkling altar of Nemelex Xobeh.
  1499 | D:3      | Gained mutation: You sometimes gain a little power by taking damage. [demonic ancestry]
  1499 | D:3      | Reached XP level 3. HP: 14/29 MP: 4/4
  1775 | D:3      | Reached ** piety under Lugonu
  2121 | D:3      | Noticed Sigmund
  2853 | D:3      | Found a stormy altar of Qazlal.
  2932 | D:4      | Gained mutation: You regenerate a little health from kills. [demonic ancestry]
  2932 | D:4      | Reached XP level 4. HP: 35/35 MP: 5/5
  2946 | D:4      | Found a shattered altar of Ashenzari.
  3039 | D:4      | Reached skill level 3 in Invocations
  3373 | D:4      | Reached skill level 4 in Invocations
  3373 | D:4      | Reached XP level 5. HP: 26/41 MP: 6/8
  3522 | D:4      | Reached skill level 5 in Invocations
  3646 | D:4      | Reached skill level 6 in Invocations
  3648 | D:4      | Gained mutation: You are surrounded by a mild repulsion field (EV +2). [demonic ancestry]
  3648 | D:4      | Reached XP level 6. HP: 47/47 MP: 10/10
  3847 | D:4      | Reached skill level 7 in Invocations
  3899 | D:4      | Found a bloodstained altar of Trog.
  4026 | D:4      | Reached *** piety under Lugonu
  4078 | D:3      | Banished Sigmund
  4078 | D:3      | Gained mutation: You are surrounded by a moderate repulsion field (EV +3). [demonic ancestry]
  4078 | D:3      | Reached XP level 7. HP: 40/55 MP: 12/12
  4109 | D:3      | Noticed Terence
  4115 | D:3      | Killed Terence
  4297 | D:5      | Entered Level 5 of the Dungeon
  4342 | D:5      | Reached skill level 5 in Fighting
  4627 | D:2      | Noticed Crazy Yiuf
  4631 | D:2      | Killed Crazy Yiuf
  5090 | D:5      | Reached skill level 5 in Axes
  5165 | D:5      | Found a shimmering altar of Xom.
  5354 | D:6      | Noticed Duvessa
  5354 | D:6      | Noticed Dowan
  5478 | D:6      | Reached XP level 8. HP: 60/62 MP: 13/13
  5496 | D:6      | Found Gezump's Assorted Antiques.
  5521 | D:6      | HP: 2/93 [Dowan/dagger of electrocution (16)]
  5521 | D:6      | Mangled by an ogre

Vault maps used:
D:1:      ldierk_walled_garden_2, tso_metal_star
D:2:      nemelex_xobeh_ov_fountains_minmay, elyvilon_altar_5,
          uniq_crazy_yiuf_cottage
D:3:      grunt_qazlal_clouds, uniq_sigmund, uniq_terence
D:4:      cheibrodos_ashenzari_chains, lightli_temple_of_fire
D:5:      lemuel_round_altar, first_bread
D:6:      minmay_temple_entry_large_hall, serial_shops,
          nicolae_shop_overgrown_old_shop, uniq_duvessa
Abyss:1:  minivault_20

Skill      XL: |  1  2  3  4  5  6  7  8 |
---------------+-------------------------+-----
Axes           | 2 3 4 5 6 |  6.2
Invocations    | 4 6 7 |  7.4
Fighting       | 4 5 |  5.2
Armour         | |  1.7
Dodging        | |  0.8

Action                   |  1- 3 |  4- 6 |  7- 9 || total
-------------------------+-------+-------+-------++-------
Melee: Hand axe          |   138 |    65 |       ||   203
       War axe           |       |   109 |   193 ||   302
Invok: Bend Space        |       |     5 |     1 ||     6
       Banish            |       |       |     1 ||     1
  Use: Scroll            |     2 |     3 |     3 ||     8
       Potion            |     1 |       |     1 ||     2
  Eat: Chunk             |     6 |     5 |     7 ||    18
